TOP OF THE 1ST |
Austin River Sharks batting - Pitching for Fresno Deplorables : RHP Manuel Fuentes
|
Pitching: RHP Manuel Fuentes
|
|
Batting: SHB Juan Acevado
|
0-0: Ball 1-0: SINGLE (Flyball, 8RS)
|
Batting: RHB Clark Hodge
|
0-0: Fielders Choice at 2nd, 4-6 (Groundball, 4M)
|
Batting: SHB Juan Castro
|
0-0: Ball 1-0: Ball 2-0: Called Strike 2-1: Called Strike 2-2: Strikes out swinging
|
Batting: LHB Pedro Zaragoza
|
0-0: Fly out, F6 (Line Drive, 6)
|
Top of the 1st over - 0 run(s), 1 hit(s), 0 error(s), 1 left on base; Austin 0 - Fresno 0 |
BOTTOM OF THE 1ST |
Fresno Deplorables batting - Pitching for Austin River Sharks : RHP Jim Hendon
|
Pitching: RHP Jim Hendon
|
|
Batting: RHB Jesús Gutiérrez
|
0-0: SINGLE (Line Drive, 34)
|
Batting: LHB Keith Beard
|
0-0: Foul Ball, location: 2F 0-1: Foul Ball, location: 2F 0-2: Foul Ball, location: 2F 0-2: Ball 1-2: Ball 2-2: Ball 3-2: SINGLE (Groundball, 6MD) Jesús Gutiérrez to second Runner from 2nd tries for 3rd, SAFE, throw made to third
|
Batting: LHB Jeff Daniels
|
0-0: Ball 1-0: Fly out, F8 (Flyball, 8LM) Runner from 3rd tags up, SCORES, throw made
|
Batting: RHB Paco Arellano
|
0-0: Ball 1-0: Ball 2-0: Called Strike 2-1: Grounds into double play, 6-4-3 (Groundball, 56)
|
Bottom of the 1st over - 1 run(s), 2 hit(s), 0 error(s), 0 left on base; Austin 0 - Fresno 1 |
TOP OF THE 2ND |
Austin River Sharks batting - Pitching for Fresno Deplorables : RHP Manuel Fuentes
|
Batting: RHB Kenneth Roberts
|
0-0: Ball 1-0: Ball 2-0: Foul Ball, location: 2F 2-1: Swinging Strike 2-2: Ball 3-2: Foul Ball, location: 2F 3-2: SOLO HOME RUN (Flyball, 7D), Distance : 396 ft
|
Batting: LHB Terry Maloney
|
0-0: Called Strike 0-1: Foul Ball, location: 2F 0-2: Strikes out swinging
|
Batting: RHB Carlos Guzmán
|
0-0: Called Strike 0-1: Ball 1-1: Ball 2-1: Fly out, F8 (Flyball, 78D)
|
Batting: RHB Orlando Bruno
|
0-0: Foul Ball, location: 2F 0-1: Ball 1-1: Ball 2-1: SINGLE (Groundball, 5D)
|
Batting: LHB Miguel Pérez
|
0-0: Ball 1-0: Fielders Choice at 2nd, 4-6 (Groundball, 4)
|
Top of the 2nd over - 1 run(s), 2 hit(s), 0 error(s), 0 left on base; Austin 1 - Fresno 1 |
BOTTOM OF THE 2ND |
Fresno Deplorables batting - Pitching for Austin River Sharks : RHP Jim Hendon
|
Batting: LHB Paul Mullins
|
0-0: Ball 1-0: Called Strike 1-1: Ball 2-1: Ground out 4-3 (Groundball, 4)
|
Batting: RHB Manolo Román
|
0-0: Foul Ball, location: 2F 0-1: Ball 1-1: Swinging Strike 1-2: Ball 2-2: Ball 3-2: Base on Balls
|
Batting: LHB Tom Blake
|
0-0: Called Strike 0-1: Swinging Strike 0-2: Ball 1-2: Foul Ball, location: 2F 1-2: Fielders Choice at 2nd, 4-6 (Groundball, 4)
|
Batting: RHB Aaron Scott
|
0-0: Ball 1-0: Foul Ball, location: 2F 1-1: Ball 2-1: Foul Ball, location: 2F 2-2: Ball 3-2: Foul Ball, location: 2F 3-2: Foul Ball, location: 2F 3-2: Strikes out swinging
|
Bottom of the 2nd over - 0 run(s), 0 hit(s), 0 error(s), 1 left on base; Austin 1 - Fresno 1 |
TOP OF THE 3RD |
Austin River Sharks batting - Pitching for Fresno Deplorables : RHP Manuel Fuentes
|
Batting: SHB Juan Acevado
|
0-0: SINGLE (Groundball, 6MS) (infield hit)
|
Batting: RHB Clark Hodge
|
0-0: Ball 1-0: Called Strike 1-1: Ball 2-1: Ball 3-1: Called Strike 3-2: Foul Ball, location: 2F 3-2: Strikes out swinging
|
Batting: SHB Juan Castro
|
0-0: Called Strike 0-1: Foul Ball, location: 2F 0-2: Foul Ball, location: 2F 0-2: Strikes out looking
|
Batting: LHB Pedro Zaragoza
|
0-0: Called Strike 0-1: Ball 1-1: Ball 2-1: Ball 3-1: SINGLE (Groundball, 34D) Juan Acevado to second Runner from 2nd tries for 3rd, SAFE, throw made to third
|
Batting: RHB Kenneth Roberts
|
0-0: Called Strike 0-1: Ball 1-1: Fly out, F8 (Line Drive, 8LM)
|
Top of the 3rd over - 0 run(s), 2 hit(s), 0 error(s), 2 left on base; Austin 1 - Fresno 1 |
BOTTOM OF THE 3RD |
Fresno Deplorables batting - Pitching for Austin River Sharks : RHP Jim Hendon
|
Batting: RHB Germán Rosales
|
0-0: Called Strike 0-1: Fly out, F9 (Flyball, 9LM)
|
Batting: RHB Jesús Gutiérrez
|
0-0: Ground out 6-3 (Groundball, 6)
|
Batting: LHB Keith Beard
|
0-0: Ball 1-0: Ground out U3 (Groundball, 34)
|
Bottom of the 3rd over - 0 run(s), 0 hit(s), 0 error(s), 0 left on base; Austin 1 - Fresno 1 |
TOP OF THE 4TH |
Austin River Sharks batting - Pitching for Fresno Deplorables : RHP Manuel Fuentes
|
Batting: LHB Terry Maloney
|
0-0: Called Strike 0-1: Ball 1-1: Swinging Strike 1-2: Strikes out swinging
|
Batting: RHB Carlos Guzmán
|
0-0: Ball Error on foul ball, E2 1-1: Swinging Strike 1-2: SINGLE (Line Drive, 89M)
|
Batting: RHB Orlando Bruno
|
0-0: Ball 1-0: Called Strike 1-1: Foul Ball, location: 2F 1-2: Foul Ball, location: 2F 1-2: Ball 2-2: Strikes out looking
|
Batting: LHB Miguel Pérez
|
Pickoff Throw to First - Out!
|
Top of the 4th over - 0 run(s), 1 hit(s), 1 error(s), 0 left on base; Austin 1 - Fresno 1 |
BOTTOM OF THE 4TH |
Fresno Deplorables batting - Pitching for Austin River Sharks : RHP Jim Hendon
|
Batting: LHB Jeff Daniels
|
0-0: Ground out U3 (Groundball, 3L)
|
Batting: RHB Paco Arellano
|
0-0: Called Strike 0-1: Ball 1-1: Swinging Strike 1-2: Strikes out looking
|
Batting: LHB Paul Mullins
|
0-0: Swinging Strike 0-1: Ball 1-1: Ball 2-1: SOLO HOME RUN (Flyball, 8LXD), Distance : 431 ft
|
Batting: RHB Manolo Román
|
0-0: Called Strike 0-1: Fly out, F2 (Popup, 56S)
|
Bottom of the 4th over - 1 run(s), 1 hit(s), 0 error(s), 0 left on base; Austin 1 - Fresno 2 |
TOP OF THE 5TH |
Austin River Sharks batting - Pitching for Fresno Deplorables : RHP Manuel Fuentes
|
Pitching: RHP Butch Ramey
|
|
Batting: LHB Miguel Pérez
|
0-0: Ground out 5-3 (Groundball, 56S)
|
Batting: SHB Juan Acevado
|
0-0: Ground out 6-3 (Groundball, 6)
|
Batting: RHB Clark Hodge
|
0-0: Ball 1-0: Foul Ball, location: 2F 1-1: SINGLE (Line Drive, 78S)
|
Batting: SHB Juan Castro
|
0-0: Ball 1-0: Ball 2-0: Fly out, F7 (Flyball, 78S)
|
Top of the 5th over - 0 run(s), 1 hit(s), 0 error(s), 1 left on base; Austin 1 - Fresno 2 |
BOTTOM OF THE 5TH |
Fresno Deplorables batting - Pitching for Austin River Sharks : RHP Jim Hendon
|
Pitching: RHP Mitsunari Jouda
|
|
Batting: LHB Tom Blake
|
0-0: Called Strike 0-1: Swinging Strike 0-2: Ball 1-2: Ball 2-2: Strikes out swinging
|
Batting: RHB Aaron Scott
|
0-0: Ball 1-0: Ball 2-0: Ball 3-0: Called Strike 3-1: Fly out, F7 (Flyball, 78D)
|
Batting: RHB Germán Rosales
|
0-0: Swinging Strike 0-1: Ground out 4-3 (Groundball, 4)
|
Bottom of the 5th over - 0 run(s), 0 hit(s), 0 error(s), 0 left on base; Austin 1 - Fresno 2 |
TOP OF THE 6TH |
Austin River Sharks batting - Pitching for Fresno Deplorables : RHP Butch Ramey
|
Batting: LHB Pedro Zaragoza
|
0-0: SINGLE (Flyball, 7LM)
|
Batting: RHB Kenneth Roberts
|
0-0: Ball 1-0: Ground out 6-3 (Groundball, 6) Pedro Zaragoza to second
|
Batting: LHB Terry Maloney
|
0-0: Ball 1-0: SINGLE (Groundball, 6MD) Pedro Zaragoza to third Runner from 3rd tries for Home, SAFE, throw made home Terry Maloney to second
|
Batting: RHB Carlos Guzmán
|
0-0: Ball 1-0: Called Strike 1-1: Swinging Strike 1-2: Strikes out swinging
|
Batting: RHB Orlando Bruno
|
0-0: Fly out, F6 (Line Drive, 6D)
|
Top of the 6th over - 1 run(s), 2 hit(s), 0 error(s), 1 left on base; Austin 2 - Fresno 2 |
BOTTOM OF THE 6TH |
Fresno Deplorables batting - Pitching for Austin River Sharks : RHP Mitsunari Jouda
|
Batting: RHB Jesús Gutiérrez
|
0-0: Swinging Strike 0-1: Ball 1-1: Fly out, F6 (Line Drive, 6)
|
Batting: LHB Keith Beard
|
0-0: Ball 1-0: Ball 2-0: Ball 3-0: Base on Balls
|
Batting: LHB Jeff Daniels
|
0-0: Foul Ball, location: 2F 0-1: Foul Ball, location: 2F 0-2: Ball 1-2: Ball 2-2: Ball 3-2: Ground out 6-3 (Groundball, 6S) Keith Beard to second
|
Batting: RHB Paco Arellano
|
0-0: Fly out, F5 (Popup, 56)
|
Bottom of the 6th over - 0 run(s), 0 hit(s), 0 error(s), 1 left on base; Austin 2 - Fresno 2 |
TOP OF THE 7TH |
Austin River Sharks batting - Pitching for Fresno Deplorables : RHP Butch Ramey
|
Pitching: LHP Juan Ortíz
|
|
Pinch Hitting: RHB Dan Wyatt
|
0-0: Ball 1-0: Foul Ball, location: 2F 1-1: Foul Ball, location: 2F 1-2: Ball 2-2: Foul Ball, location: 2F 2-2: Foul Ball, location: 2F 2-2: Foul Ball, location: 2F 2-2: Ball 3-2: Foul Ball, location: 2F 3-2: Strikes out swinging
|
Pitching: RHP César Menéndez
|
|
Pinch Hitting: LHB Freddy Herrera
|
0-0: Ground out 4-3 (Groundball, 4)
|
Batting: RHB Clark Hodge
|
0-0: Swinging Strike 0-1: Ball 1-1: Ball 2-1: Foul Ball, location: 2F 2-2: Foul Ball, location: 2F 2-2: Strikes out swinging
|
Top of the 7th over - 0 run(s), 0 hit(s), 0 error(s), 0 left on base; Austin 2 - Fresno 2 |
BOTTOM OF THE 7TH |
Fresno Deplorables batting - Pitching for Austin River Sharks : RHP Mitsunari Jouda
|
Now at SS: Freddy Herrera
|
|
Now in LF: Dan Wyatt
|
|
Batting: LHB Paul Mullins
|
0-0: Called Strike 0-1: Ball 1-1: Ball 2-1: SINGLE (Flyball, 7LS)
|
Pinch Runner at 1st John Cotton:
|
|
Batting: RHB Manolo Román
|
0-0: Bunted foul 0-1: Ball 1-1: Sac Bunt - play at first, batter OUT! 1-4 John Cotton to second
|
Batting: LHB Tom Blake
|
0-0: Ball 1-0: Called Strike 1-1: Ball 2-1: Foul Ball, location: 2F 2-2: Ball 3-2: Foul Ball, location: 2F 3-2: Foul Ball, location: 2F 3-2: Foul Ball, location: 2F 3-2: Foul Ball, location: 2F 3-2: Foul Ball, location: 2F 3-2: Foul Ball, location: 2F 3-2: Foul Ball, location: 2F 3-2: Foul Ball, location: 2F 3-2: Foul Ball, location: 2F 3-2: Ground out 4-3 (Groundball, 34) John Cotton to third
|
Batting: RHB Aaron Scott
|
0-0: Called Strike 0-1: Foul Ball, location: 2F 0-2: Foul Ball, location: 2F 0-2: Ball 1-2: Ground out 5-3 (Groundball, 56)
|
Bottom of the 7th over - 0 run(s), 1 hit(s), 0 error(s), 1 left on base; Austin 2 - Fresno 2 |
TOP OF THE 8TH |
Austin River Sharks batting - Pitching for Fresno Deplorables : RHP César Menéndez
|
Now at 2B: John Cotton
|
|
Pinch Hitting: RHB Cristián Peńa
|
0-0: Ball 1-0: SINGLE (Groundball, 6MD)
|
Pinch Runner at 1st Ryan Cates:
|
|
Batting: LHB Enrico Vargas
|
0-0: Swinging Strike 0-1: Ball 1-1: Swinging Strike 1-2: Strikes out swinging
|
Batting: RHB Kenneth Roberts
|
0-0: Ball 1-0: Fly out, F8 (Flyball, 8LS)
|
Batting: LHB Terry Maloney
|
0-0: Called Strike 0-1: Ball 1-1: Ground out 5-3 (Groundball, 56S)
|
Top of the 8th over - 0 run(s), 1 hit(s), 0 error(s), 1 left on base; Austin 2 - Fresno 2 |
BOTTOM OF THE 8TH |
Fresno Deplorables batting - Pitching for Austin River Sharks : RHP Mitsunari Jouda
|
Pitching: RHP Glen Brewer
|
|
Now at 3B: Ryan Cates
|
|
Batting: RHB Germán Rosales
|
0-0: Foul Ball, location: 2F 0-1: Ball 1-1: Swinging Strike 1-2: Ball 2-2: Ball 3-2: Strikes out swinging
|
Pinch Hitting: RHB Peter Hensley
|
0-0: Ground out 4-3 (Groundball, 4)
|
Pinch Hitting: RHB Teddy Bates
|
0-0: Foul Ball, location: 2F 0-1: Ball 1-1: Ball 2-1: Ball 3-1: Base on Balls
|
Pinch Runner at 1st Elpidio Martinho:
|
|
Batting: LHB Jeff Doss
|
0-0: Ball 1-0: Ground out 4-3 (Groundball, 4S)
|
Bottom of the 8th over - 0 run(s), 0 hit(s), 0 error(s), 1 left on base; Austin 2 - Fresno 2 |
TOP OF THE 9TH |
Austin River Sharks batting - Pitching for Fresno Deplorables : RHP César Menéndez
|
Pitching: LHP Kip Manning
|
|
Now at SS: Elpidio Martinho
|
|
Now in CF: Rob Bailey
|
|
Pinch Hitting: RHB Eric Neal
|
0-0: Called Strike 0-1: Ball 1-1: SINGLE (Groundball, 56D)
|
Pinch Hitting: LHB Russell Peck
|
0-0: Called Strike 0-1: SINGLE (Groundball, 25) (infield hit) Eric Neal to second
|
Batting: RHB Dan Wyatt
|
0-0: Bunt - Flyout! F5
|
Batting: LHB Freddy Herrera
|
0-0: Ball 1-0: Foul Ball, location: 2F 1-1: Called Strike 1-2: Fly out, F6 (Line Drive, 6)
|
Batting: RHB Clark Hodge
|
0-0: Ground out U3 (Groundball, 3S)
|
Top of the 9th over - 0 run(s), 2 hit(s), 0 error(s), 2 left on base; Austin 2 - Fresno 2 |
BOTTOM OF THE 9TH |
Fresno Deplorables batting - Pitching for Austin River Sharks : RHP Glen Brewer
|
Now at 1B: Eric Neal
|
|
Now at 2B: Russell Peck
|
|
Pinch Hitting: LHB Howard Holder
|
0-0: Called Strike 0-1: Ball 1-1: Swinging Strike 1-2: Strikes out looking
|
Batting: LHB John Cotton
|
0-0: Fly out, F8 (Flyball, 8RM)
|
Pinch Hitting: SHB Tony Yan
|
0-0: Ball 1-0: Ball 2-0: Ground out 4-3 (Groundball, 4)
|
Bottom of the 9th over - 0 run(s), 0 hit(s), 0 error(s), 0 left on base; Austin 2 - Fresno 2 |
TOP OF THE 10TH |
Austin River Sharks batting - Pitching for Fresno Deplorables : LHP Kip Manning
|
Now at 1B: Howard Holder
|
|
Now in LF: Joel Nelson
|
|
Batting: RHB Ryan Cates
|
0-0: Ball 1-0: Called Strike 1-1: Ball 2-1: SINGLE (Groundball, 6MD)
|
Batting: LHB Enrico Vargas
|
0-0: Called Strike 0-1: Ball 1-1: Ball 2-1: Fielders Choice at 2nd, 4-6 (Groundball, 4)
|
Batting: RHB Kenneth Roberts
|
0-0: Ball 1-0: SINGLE (Flyball, 89M) Enrico Vargas to second Runner from 2nd tries for 3rd, SAFE, throw made to third
|
Batting: LHB Terry Maloney
|
0-0: Ball 1-0: Called Strike 1-1: Foul Ball, location: 2F 1-2: Foul Ball, location: 2F 1-2: Ball 2-2: Strikes out swinging
|
Batting: RHB Eric Neal
|
0-0: Ball 1-0: Foul Ball, location: 2F 1-1: SINGLE (Groundball, 56D) Enrico Vargas scores Kenneth Roberts to second
|
Batting: LHB Russell Peck
|
0-0: Foul Ball, location: 2F 0-1: Ball 1-1: Fielders Choice at 2nd, 4-6 (Groundball, 4)
|
Top of the 10th over - 1 run(s), 3 hit(s), 0 error(s), 1 left on base; Austin 3 - Fresno 2 |
BOTTOM OF THE 10TH |
Fresno Deplorables batting - Pitching for Austin River Sharks : RHP Glen Brewer
|
Pitching: LHP Manuel Gil
|
|
Pinch Hitting: LHB Hamilton Hughes
|
0-0: Called Strike 0-1: Foul Ball, location: 2F 0-2: Ball 1-2: Strikes out swinging
|
Pinch Hitting: RHB David Kerr
|
0-0: Called Strike 0-1: Called Strike 0-2: Ball 1-2: Foul Ball, location: 2F 1-2: Ground out 6-3 (Groundball, 6)
|
Batting: RHB Germán Rosales
|
0-0: Ball 1-0: Ball 2-0: Ball 3-0: Called Strike 3-1: Base on Balls
|
Batting: RHB Rob Bailey
|
0-0: Fielders Choice at 2nd, 4-6 (Groundball, 4)
|
Bottom of the 10th over - 0 run(s), 0 hit(s), 0 error(s), 0 left on base; Austin 3 - Fresno 2 |
|